 Dungeon Crawl Stone Soup version 0.21-a0-509-gecc5317 (webtiles) character file.

77 Roak the Insei (level 4, -1/23 HPs)
             Began as a Vine Stalker Transmuter on Nov 29, 2017.
             Succumbed to an adder's poison
             ... on level 2 of the Dungeon.
             The game lasted 00:07:38 (1517 turns).

Roak the Insei (Vine Stalker Transmuter)            Turns: 1517, Time: 00:07:38

Health: -1/23      AC:  2    Str: 13    XL:     4   Next: 33%
Magic:  1/8        EV: 12    Int: 14    God:
Gold:   89         SH:  0    Dex: 14    Spells: 4/7 levels left

rFire    . . .     SeeInvis .     - Unarmed
rCold    . . .     Gourm    .   (no shield)
rNeg     . . .     Faith    .   i - +0 robe (curse)
rPois    .         Spirit   +   (no helmet)
rElec    .         Reflect  .   (no cloak)
rCorr    .         Harm     .   (no gloves)
MR       .....                  (no boots)
Stlth    +.........             (no amulet)
HPRegen  0.47/turn              (no ring)
MPRegen  0.11/turn              (no ring)

@: lethally poisoned (-1 -> -7), very slightly contaminated, hasted, very quick
A: fangs 2, regeneration 1, magic shield, antimagic bite, no potion heal 3, rot
immunity
a: no special abilities


You were on level 2 of the Dungeon.
You were not hungry.

You visited 1 branch of the dungeon, and saw 2 of its levels.

You collected 89 gold pieces.

Inventory:

Hand Weapons
 b - a +0 hunting sling
 f - a +0 blowgun
Missiles
 a - 7 arrows
 e - 7 needles of sleeping
 l - 2 stones (quivered)
Armour
 i - a cursed +0 robe (worn)
Jewellery
 m - an uncursed amulet of harm {unknown}
Scrolls
 g - a scroll of fear {unknown}
Books
 c - a book of Changes

   Spells                             Type                      Level
   a - Beastly Appendage              Transmutation                1
   b - Sticks to Snakes               Transmutation                2
   c - Spider Form                    Transmutation/Poison         3
   d - Ice Form                       Ice/Transmutation            4
   e - Blade Hands                    Transmutation                5
Comestibles
 d - a bread ration
 j - 3 chunks of flesh


   Skills:
 + Level 2.1 Fighting
 - Level 1.5 Dodging
 * Level 4.4 Unarmed Combat
 - Level 2.1 Spellcasting
 - Level 2.0 Transmutations


You had 4 spell levels left.
You knew the following spells:

 Your Spells              Type           Power        Failure   Level  Hunger
a - Beastly Appendage     Tmut           #.....       11%         1    #......
b - Sticks to Snakes      Tmut           #.......     16%         2    ###....


Dungeon Overview and Level Annotations

Branches:
Dungeon (2/15)

Altars:
The Shining One


Innate Abilities, Weirdness & Mutations

You have extremely sharp teeth.
Your natural rate of healing is unusually fast.
When hurt, damage is shared between your health and your magic reserves.
Your bite disrupts and absorbs the magic of your enemies.
Potions cannot restore your health.
You are immune to rotting.


Message History

Casting: Sticks to Snakes
Confirm with . or Enter, or press ? or * to list all spells.
You create a snake!
You now have 7 arrows.
Your horns disappear.
You feel sick. The adder bites you.
* * * LOW HITPOINT WARNING * * *
You are more poisoned.
The adder poisons you! The adder bites you.
* * * LOW HITPOINT WARNING * * *
You are more poisoned.
The adder poisons you!
You hit the adder.
You kill the adder!
* * * LOW HITPOINT WARNING * * *
You feel sick.
It was a potion of heal wounds.
That seemed strangely inert.
* * * LOW HITPOINT WARNING * * *
You feel sick.
It was a potion of haste.
You feel yourself speed up.
You die...

########## ##
.........# ((
########.# .# #.# #(##
#### ##.# #####(..##
...####..#####..()....#
#......#..............#
............##.##†....#
...####..#......@S...##
...####..#...)...##...#
.........#.>.#.#.# .#.#
..<......##.##.#.# .#.#
..####...##.##.#.# # #
.. #.........#.# .>
#...##.####.# #. #. ..#
#. ..


You could see a friendly ball python.

Vanquished Creatures
  Jessica (D:2)
  2 adders (D:2)
  An ooze (D:1)
  3 leopard geckos
  A giant cockroach (D:2)
  5 goblins
  8 hobgoblins
  6 bats (D:1)
  A kobold (D:1)
  2 rats (D:1)
30 creatures vanquished.

Notes
Turn   | Place    | Note
-------+----------+-------------------------------------------
     0 | D:1      | Roak the Vine Stalker Transmuter began the quest for the Orb.
     0 | D:1      | Reached XP level 1. HP: 9/9 MP: 4/4
    24 | D:1      | Reached skill level 1 in Fighting
    80 | D:1      | Reached XP level 2. HP: 10/14 MP: 6/6
    84 | D:1      | Learned a level 2 spell: Sticks to Snakes
   733 | D:1      | Reached XP level 3. HP: 18/18 MP: 5/7
   911 | D:1      | Found a glowing golden altar of the Shining One.
  1148 | D:2      | Noticed Jessica
  1215 | D:2      | Reached skill level 4 in Unarmed Combat
  1432 | D:2      | Killed Jessica
  1432 | D:2      | Gained mutation: Your natural rate of healing is unusually fast. [Vine Stalker growth]
  1432 | D:2      | Reached XP level 4. HP: 23/23 MP: 1/8
  1515 | D:2      | HP: 1/23 [poisoned by an adder]
  1517 | D:2      | Succumbed to an adder's poison

Vault maps used:
D:1:      mrwooster_arrival_statue_3, tso_altar
D:2:      first_bread, uniq_jessica, uniq_robin

Skill      XL: |  1  2  3 |
---------------+----------+-----
Fighting       | 1 2 |  2.1
Unarmed Combat | 4 |  4.4
Dodging        | |  1.5
Spellcasting   | |  2.1
Transmutations | |  2.0

Action                   |  1- 3 |  4- 6 || total
-------------------------+-------+-------++-------
Melee: Unarmed           |    69 |    10 ||    79
       Bite              |     9 |     1 ||    10
       Headbutt          |     6 |     1 ||     7
       Kick              |     3 |       ||     3
       Punch             |     1 |       ||     1
 Fire: Hunting sling     |       |     3 ||     3
Throw: Stone             |       |     1 ||     1
 Cast: Beastly Appendage |    17 |     1 ||    18
       Sticks to Snakes  |     4 |     1 ||     5
  Use: Potion            |       |     2 ||     2
 Stab: Distracted        |     1 |       ||     1
  Eat: Chunk             |     2 |     1 ||     3
Armor: Robe              |    10 |     3 ||    13
Dodge: Dodged            |    37 |     5 ||    42

Table legend:
 A = Spawn XP
 B = Non-spawn XP
 C = Spawn XP percentage of total XP
 D = Spawn monster count
 E = Non-spawn monster count
 F = Spawn count percentage of total count
 G = Total turns spent on level
                    A         B        C        D         E        F      G
               +---------+---------+-------+---------+---------+-------+---------
         Total |       0 |     110 |   0.0 |       0 |      30 |   0.0 |  1517
               +---------+---------+-------+---------+---------+-------+---------
           D:1 |       0 |      43 |   0.0 |       0 |      22 |   0.0 |  1191
           D:2 |       0 |      67 |   0.0 |       0 |       8 |   0.0 |   326
               +---------+---------+-------+---------+---------+-------+---------
